 Dungeon Crawl Stone Soup version 0.26-a0-264-g3a47132 (webtiles) character file.

Game seed: 9999538037971450278

38033 Illumine the Frost Mage (level 14, -2/86 HPs)
             Began as a Gargoyle Ice Elementalist on July 13, 2020.
             Was a High Priest of Vehumet.
             Slain by Rupert
             ... wielding a +0 battleaxe of pain
              (19 damage)
             ... on level 6 of the Lair of Beasts.
             The game lasted 00:54:34 (19131 turns).

Illumine the Frost Mage (GrIE)                     Turns: 19131, Time: 00:54:34

Health: -2/86      AC: 23    Str: 13    XL:     14   Next: 0%
Magic:  3/26       EV: 12    Int: 26    God:    Vehumet [*****.]
Gold:   1326       SH:  0    Dex: 10    Spells: 4/30 levels left

rFire    x x .     SeeInvis .   y - +2 whip (elec)
rCold    + + .     Faith    +   (no shield)
rNeg     + . .     Spirit   .   j - +0 leather armour
rPois    ∞         Reflect  .   u - +1 helmet
rElec    +         Harm     .   h - +0 cloak
rCorr    .                      K - +2 pair of gloves
MR       +....                  L - +0 pair of boots
Stlth    ++........             P - amulet of faith
HPRegen  0.24/turn              x - ring "Daceucile" {Ice Int+3}
MPRegen  0.20/turn              X - ring of Xom's Whimsicality {Ice Int+3}

@: about to teleport, flying, invisible
A: big wings, negative energy resistance 1, electricity resistance, unbreathing,
petrification resistance, rot immunity, AC +10
a: Stop Flying, Renounce Religion


You were on level 6 of the Lair of Beasts.
You worshipped Vehumet.
Vehumet was extremely pleased with you.
You were not hungry.

You visited 3 branches of the dungeon, and saw 16 of its levels.

You collected 1326 gold pieces.

Inventory:

Hand Weapons
 a - a +1 vampiric whip
 y - a +2 whip of electrocution (weapon)
 E - a +2 flail of protection
 S - a +0 morningstar
Missiles
 f - 510 stones (quivered)
 F - 48 poisoned darts
Armour
 h - a +0 cloak (worn)
 j - a +0 leather armour (worn)
 u - a +1 helmet (worn)
 K - a +2 pair of gloves (worn)
 L - a +0 pair of boots (worn)
 N - the +1 pair of gloves of Dramatic Exits {*Corrode *Slow rC+++ SInv}
   (You found it on level 1 of the Lair of Beasts)

   It renders you almost immune to cold.
   It lets you see invisible.
   It may corrode you when you take damage.
   It may slow you when you take damage.
 Q - a +0 tower shield
Jewellery
 e - an uncursed amulet of regeneration
 x - the ring "Daceucile" (left hand) {Ice Int+3}
   (You found it on level 5 of the Dungeon)

   [ring of ice]

   It enhances your ice magic.
   It affects your intelligence (+3).
   It makes you vulnerable to fire.
   It protects you from cold.
 I - an uncursed ring of magical power
 O - a +6 ring of intelligence
 P - an amulet of faith (around neck)
 X - the ring of Xom's Whimsicality (right hand) {Ice Int+3}
   (You found it on level 4 of the Lair of Beasts)

   [ring of ice]

   It enhances your ice magic.
   It affects your intelligence (+3).
   It makes you vulnerable to fire.
   It protects you from cold.
Wands
 d - a wand of disintegration (19)
 l - a wand of iceblast (8)
Scrolls
 g - 8 scrolls of remove curse
 m - 9 scrolls of teleportation
 n - 2 scrolls of fog
 p - 2 scrolls of immolation {unknown}
 z - 3 scrolls of fear {unknown}
 A - a scroll of torment {unknown}
 C - a scroll of magic mapping {unknown}
 D - 3 scrolls of amnesia
 J - a scroll of noise {unknown}
 M - a scroll of random uselessness {unknown}
 W - a scroll of vulnerability {unknown}
 Y - a scroll of summoning {unknown}
Potions
 b - 2 potions of stabbing
 k - 4 potions of mutation
 o - 3 potions of curing
 q - 2 potions of heal wounds
 r - 3 potions of brilliance
 s - 2 potions of invisibility
 t - a potion of flight {unknown}
 v - a potion of magic {unknown}
 B - 3 potions of lignification
 G - a potion of ambrosia {unknown}
 H - a potion of resistance {unknown}
 R - 3 potions of might
 T - a potion of cancellation {unknown}
 U - a potion of haste {unknown}
 Z - a potion of degeneration {unknown}
Miscellaneous
 w - a lightning rod (4/4)
 V - a phial of floods
Comestibles
 c - 34 rations


   Skills:
 + Level 9.5 Fighting
 - Level 5.0 Maces & Flails
 + Level 9.5 Armour
 + Level 3.7 Dodging
 - Level 2.4 Stealth
 + Level 8.5 Spellcasting
   Level 8.1 Conjurations
 - Level 4.0 Charms
 + Level 6.9 Summonings
 - Level 3.0 Translocations
 + Level 9.9 Ice Magic
 * Level 6.1 Earth Magic
 + Level 6.0 Evocations


You had 4 spell levels left.
You knew the following spells:

 Your Spells              Type           Power        Failure   Level
a - Freeze                Ice            ####         1%          1
b - Frozen Ramparts       Ice            ######       1%          3
c - Ozocubu's Armour      Chrm/Ice       #######.     1%          3
d - Ozocubu's Refrigerat  Ice            #######...   4%          6
e - Summon Ice Beast      Ice/Summ       #######.     1%          4
f - Apportation           Tloc           ####..       1%          1
g - Summon Butterflies    Summ           #####...     1%          1
h - Blink                 Tloc           N/A          2%          2
i - Lee's Rapid Deconstr  Erth           #####.....   4%          5

Your spell library contained the following spells:

 Spells                   Type           Power        Failure   Level
 Magic Dart               Conj           ####         1%          1
 Call Imp                 Summ           #####...     1%          2
 Ensorcelled Hibernation  Hex/Ice        ######       1%          2
 Searing Ray              Conj           ######       1%          2
 Conjure Flame            Conj/Fire      ####....     1%          3
 Dazzling Flash           Conj/Hex       ####..       1%          3
 Mephitic Cloud           Conj/Pois/Air  ####....     1%          3
 Hailstorm                Conj/Ice       #######.     1%          4
 Iskenderun's Mystic Bla  Conj/Tloc      #####...     1%          4
 Fulminant Prism          Conj/Hex       ####......   3%          4
 Gell's Gravitas          Tloc           ####......   5%          3
 Ignite Poison            Fire/Tmut/Pois ##......     5%          3
 Lesser Beckoning         Tloc           ####......   5%          3
 Teleport Other           Tloc           ####....     5%          3
 Poisonous Vapours        Pois/Air       ##....       10%         2
 Slow                     Hex            ##......     10%         2
 Tukima's Dance           Hex            ##......     19%         3
 Passage of Golubria      Tloc           N/A          19%         4
 Petrify                  Tmut/Erth      ####....     19%         4
 Irradiate                Conj/Tmut      ####......   9%          5
 Freezing Cloud           Conj/Ice/Air   #######...   21%         6
 Metabolic Englaciation   Hex/Ice        ######....   22%         5
 Conjure Ball Lightning   Conj/Air       ####......   41%         6
 Borgnjor's Vile Clutch   Necr/Erth      ####......   45%         5
 Alistair's Intoxication  Tmut/Pois      ##......     87%         5
 Eringya's Noxious Bog    Tmut/Pois      ##........   100%        6
 Invisibility             Hex            ##......     100%        6
 Ring of Flames           Chrm/Fire      ###.......   100%        7
 Sublimation of Blood     Necr           Unusable     N/A         2

Dungeon Overview and Level Annotations

Branches:
Dungeon (9/15)             Temple (1/1) D:7            Lair (6/6) D:9
  Swamp (0/4) Lair:3        Snake (0/4) Lair:2        Slime (0/5) Lair:5
    Orc: D:9-12

Altars:
Ashenzari
Cheibriados
Dithmenos
Elyvilon
Fedhas
Gozag
Hepliaklqana
Kikubaaqudgha
Makhleb
Nemelex Xobeh
Okawaru
Qazlal
Ru
Sif Muna
Trog
Uskayaw
Vehumet
Wu Jian
Xom
Yredelemnul
Zin
The Shining One

Shops:
D:5 *

Annotations:
Lair:6 Rupert


Innate Abilities, Weirdness & Mutations

You are resistant to torment.
Your stone body is resilient. (AC +10)
You are immune to poison.
Your large and strong wings let you fly indefinitely.
You resist negative energy. (rN+)
You are resistant to electric shocks. (rElec)
You can survive without breathing.
You are immune to petrification.
You are immune to rotting.


Message History

Rupert hits you with a +0 battleaxe of pain!!
* * * LOW HITPOINT WARNING * * *
Unknown command.
You cannot drink potions in your current state!
Okay, then.
Rupert rages.
Rupert barely misses you.
Okay, then.
You cannot drink potions in your current state!
Rupert closely misses you. Rupert hits you but does no damage.
You writhe in agony.
* * * LOW HITPOINT WARNING * * *
Found 15 stones.
As you read the scroll of teleportation, it crumbles to dust.
You feel strangely unstable. Rupert barely misses you.
You can drink potions again.
Found a shortbow.
You fade into invisibility!
Rupert hits you with a +0 battleaxe of pain!!
You die...

##.....##### #....#.# ###......#
###).##....#. #.#%...#.# ##
#..(.......... ##......###
.##..............
###.!.......##........P........
##P#.........#.......#.P......#.
#P......###.../....# ##.≈.......
##.....#. #...@#...## .≈≈≈≈≈≈≈≈.
#.#...#.# #.#..@....#.≈≈≈≈≈≈≈≈..
.#....###
#............≈≈≈≈≈≈≈≈≈. .....##
#..#.........≈≈≈..≈≈≈≈. ....#.#
#....###....≈≈≈≈≈..≈≈≈≈ #.....#
.....## ##...≈≈≈.≈≈≈≈≈. ....###
#..... #####..≈≈≈≈≈≈≈≈≈≈ #...#
.....# #PP....≈≈≈≈≈≈≈≈.. #...#
.....# #.P....≈≈≈≈≈≈≈≈.. #...#
#....#####......#.≈≈≈≈≈..#


You could see Rupert (berserk).

Vanquished Creatures
  4 hydras
  4 two-headed ogres
  A death yak (Lair:5)
  Pikel (D:5)
  A manticore (Lair:5)
  10 elephants (Lair:6)
  A molten gargoyle (Lair:1)
  A black mamba (Lair:3)
  12 cane toads
  2 rime drakes (Lair:6)
  A komodo dragon (Lair:6)
  A troll (D:9)
  A hornet (D:8)
  A slime creature (Lair:1)
  7 blink frogs
  11 hippogriffs
  A bog body (Lair:3)
  28 yaks
  2 basilisks
  7 wyverns
  4 nagas (Lair:2)
  4 porcupines
  7 water moccasins
  An eye of draining (D:8)
  5 orc warriors
  3 sky beasts
  2 black bears (D:7)
  2 ogres
  An ice beast (D:8)
  2 wolves (D:9)
  2 centaurs (D:7)
  10 crocodiles
  2 big kobolds (D:5)
  10 bullfrogs
  A gnoll sergeant (D:6)
  A wyvern skeleton (D:8)
  2 scorpions
  A killer bee (D:7)
  4 howler monkeys
  10 electric eels
  A crimson imp (D:5)
  8 jellies
  9 hounds
  2 gnoll shamans
  4 orc priests
  A bullfrog skeleton (D:8)
  9 orc wizards
  4 iguanas
  4 worker ants
  A hound skeleton (D:7)
  A howler monkey zombie (D:7)
  Robin (D:4)
  16 adders
  17 gnolls
  A howler monkey skeleton (D:7)
  2 river rats (D:3)
  2 shadow imps
  2 ufetubi
  14 oozes
  2 adder skeletons
  4 worms (D:3)
  2 dart slugs
  2 leopard geckos
  46 orcs
  7 bats
  6 giant cockroaches
  36 hobgoblins
  5 jackals
  5 kobolds
  2 quokkas
  5 ball pythons
  7 frilled lizards
  38 goblins
  A leopard gecko zombie (D:6)
  A quokka skeleton (D:5)
  A quokka zombie (D:5)
  12 rats
  4 fungi (Lair:6)
  2 plants (Lair:6)
458 creatures vanquished.

Vanquished Creatures (collateral kills)
  3 hydras
  4 death yaks (Lair:5)
  An oklob plant (Lair:6)
  4 elephants
  2 cane toads (Lair:5)
  A rime drake (Lair:5)
  A polar bear (Lair:6)
  A blink frog (Lair:6)
  3 bog bodies (Lair:3)
  3 hippogriffs
  6 yaks
  4 wyverns (Lair:5)
  2 basilisks (Lair:5)
  A water moccasin (Lair:2)
  A bullfrog (Lair:5)
37 creatures vanquished.

Vanquished Creatures (others)
  A lava snake (Lair:1)
  3 bushes (Lair:6)
  10 fungi
  8 plants
22 creatures vanquished.

Grand Total: 517 creatures vanquished

Notes
Turn   | Place    | Note
-------+----------+-------------------------------------------
     0 | D:1      | Illumine the Gargoyle Ice Elementalist began the quest for
                  | the Orb.
     0 | D:1      | Reached XP level 1. HP: 10/10 MP: 3/3
   152 | D:1      | Reached XP level 2. HP: 15/15 MP: 3/5
   627 | D:1      | Reached XP level 3. HP: 19/19 MP: 4/6
   632 | D:1      | Learned a level 3 spell: Frozen Ramparts
  1492 | D:2      | Found a glowing golden altar of the Shining One.
  1516 | D:2      | Found a faded altar of an unknown god.
  1811 | D:2      | Reached XP level 4. HP: 24/24 MP: 7/7
  2438 | D:3      | Reached skill level 1 in Armour
  2624 | D:3      | Reached skill level 1 in Fighting
  2627 | D:3      | Reached XP level 5. HP: 21/29 MP: 4/9
  2737 | D:3      | Found an ancient bone altar of Kikubaaqudgha.
  3577 | D:4      | Reached XP level 6. HP: 24/35 MP: 5/10
  3581 | D:4      | Reached skill level 5 in Ice Magic
  3649 | D:4      | Learned a level 3 spell: Ozocubu's Armour
  3688 | D:4      | Found an opulent altar of Gozag.
  4133 | D:4      | Noticed a +0 hand axe
  4134 | D:4      | Found a hide-covered altar of Uskayaw.
  4136 | D:4      | Noticed a +0 hand axe
  4185 | D:4      | Noticed Robin
  4195 | D:4      | Killed Robin
  4195 | D:4      | Reached skill level 1 in Charms
  4431 | D:4      | Reached XP level 7. HP: 38/40 MP: 12/12
  4600 | D:5      | Entered Level 5 of the Dungeon
  4704 | D:5      | Found a shattered altar of Ashenzari.
  4891 | D:5      | Got a wavering lead ring
  4892 | D:5      | Identified the ring "Daceucile" {Ice Int+3} (You found it
                  | on level 5 of the Dungeon)
  5084 | D:5      | Noticed Pikel
  5112 | D:5      | Killed Pikel
  5112 | D:5      | Reached XP level 8. HP: 41/48 MP: 7/14
  5385 | D:5      | Reached skill level 1 in Maces & Flails
  5404 | D:5      | Learned a level 4 spell: Hailstorm
  5409 | D:5      | Learned a level 4 spell: Summon Ice Beast
  5569 | D:5      | Found a burning altar of Makhleb.
  5858 | D:5      | Found Amyluppa's Serpentskin Sales.
  5866 | D:5      | Reached skill level 1 in Conjurations
  6277 | D:6      | Found a bloodstained altar of Trog.
  6410 | D:6      | Reached skill level 1 in Summonings
  6415 | D:6      | Reached XP level 9. HP: 49/52 MP: 13/16
  6717 | D:6      | Found a glowing silver altar of Zin.
  7027 | D:7      | Found a staircase to the Ecumenical Temple.
  7041 | Temple   | Entered the Ecumenical Temple
  7201 | Temple   | Became a worshipper of Vehumet
  7417 | D:7      | Reached skill level 5 in Fighting
  7458 | D:7      | Reached skill level 5 in Armour
  7458 | D:7      | Reached skill level 5 in Spellcasting
  7970 | D:7      | Reached * piety under Vehumet
  7970 | D:7      | Offered knowledge of Foxfire by Vehumet.
  8877 | D:7      | Reached XP level 10. HP: 60/60 MP: 16/18
  9104 | D:8      | Found a blossoming altar of Fedhas.
  9499 | D:8      | Noticed a two-headed ogre
  9513 | D:8      | Reached ** piety under Vehumet
  9513 | D:8      | Offered knowledge of Magic Dart by Vehumet.
  9641 | D:8      | Killed a two-headed ogre
  9641 | D:8      | Reached skill level 1 in Evocations
  9797 | D:8      | Found a sacrificial altar of Ru.
  9826 | D:8      | Found a shadowy altar of Dithmenos.
  9945 | D:8      | Noticed a two-headed ogre
  9958 | D:8      | Killed a two-headed ogre
 10266 | D:8      | Noticed a two-headed ogre
 10333 | D:8      | Reached XP level 11. HP: 64/66 MP: 20/20
 10339 | D:8      | Killed a two-headed ogre
 10339 | D:8      | Reached skill level 5 in Conjurations
 10541 | D:9      | Found a snail-covered altar of Cheibriados.
 10601 | D:9      | Noticed a two-headed ogre
 10618 | D:9      | Killed a two-headed ogre
 10618 | D:9      | Reached skill level 5 in Maces & Flails
 10717 | D:9      | Offered knowledge of Conjure Flame by Vehumet.
 10911 | D:9      | Reached *** piety under Vehumet
 10953 | D:9      | Found a staircase to the Lair.
 10987 | Lair:1   | Entered Level 1 of the Lair of Beasts
 10993 | Lair:1   | Got a pair of jewelled gloves
 11006 | Lair:1   | Identified the +1 pair of gloves of Dramatic Exits
                  | {*Corrode *Slow rC+++ SInv} (You found it on level 1 of the
                  | Lair of Beasts)
 11064 | Lair:1   | Identified Nups's Papyrus of the Floating Traveller
 11263 | Lair:1   | Learned a level 1 spell: Apportation
 11265 | Lair:1   | Learned a level 1 spell: Summon Butterflies
 11268 | Lair:1   | Learned a level 2 spell: Blink
 11280 | Lair:1   | Noticed a six-headed hydra
 11319 | Lair:1   | Offered knowledge of Iskenderun's Mystic Blast by Vehumet.
 11350 | Lair:1   | Learned a level 4 spell: Iskenderun's Mystic Blast
 11959 | Lair:1   | Reached skill level 1 in Translocations
 12025 | Lair:2   | Found a staircase to the Snake Pit.
 12246 | Lair:2   | You fall into a shaft and drop 2 floors!
 12249 | Lair:4   | Noticed a five-headed hydra
 12272 | Lair:4   | Killed a five-headed hydra
 12390 | Lair:4   | Reached skill level 5 in Summonings
 12396 | Lair:4   | Reached XP level 12. HP: 53/73 MP: 22/22
 12398 | Lair:4   | Reached **** piety under Vehumet
 12810 | Lair:4   | Got a crude platinum ring
 12811 | Lair:4   | Identified the ring of Xom's Whimsicality {Ice Int+3} (You
                  | found it on level 4 of the Lair of Beasts)
 12838 | Lair:4   | Noticed a seven-headed hydra
 12853 | Lair:4   | Offered knowledge of Dazzling Flash by Vehumet.
 12857 | Lair:4   | Killed a seven-headed hydra
 13207 | Lair:5   | Noticed a death yak
 13207 | Lair:5   | Noticed a death yak
 13211 | Lair:5   | Noticed a death yak
 13211 | Lair:5   | Noticed a death yak
 13212 | Lair:5   | Noticed a death yak
 13941 | Lair:3   | Identified the Volume of the Dark Snowflakes
 14165 | Lair:3   | Reached ***** piety under Vehumet
 14290 | Lair:3   | Offered knowledge of Lee's Rapid Deconstruction by Vehumet.
 14461 | Lair:3   | Found a staircase to the Swamp.
 14872 | Lair:2   | Noticed a four-headed hydra
 14884 | Lair:2   | Killed a four-headed hydra
 15337 | Lair:2   | Killed a six-headed hydra
 15345 | Lair:2   | Learned a level 5 spell: Lee's Rapid Deconstruction
 15976 | Lair:5   | Reached skill level 5 in Evocations
 15980 | Lair:5   | Reached skill level 1 in Earth Magic
 16240 | Lair:5   | Reached XP level 13. HP: 79/79 MP: 18/24
 17278 | Lair:5   | Found a staircase to the Slime Pits.
 17714 | Lair:6   | Entered Level 6 of the Lair of Beasts
 18035 | Lair:6   | Reached skill level 5 in Earth Magic
 18040 | Lair:6   | Offered knowledge of Ozocubu's Refrigeration by Vehumet.
 18327 | Lair:6   | Learned a level 6 spell: Ozocubu's Refrigeration
 18372 | Lair:6   | Noticed Rupert
 18994 | Lair:6   | Gained mutation: Your large and strong wings let you fly
                  | indefinitely. [Gargoyle growth]
 18994 | Lair:6   | Reached XP level 14. HP: 86/86 MP: 15/26
 19113 | Lair:6   | Paralysed by Rupert for 7 turns
 19131 | Lair:6   | Slain by Rupert

Illustrated notes

Levels and vault maps discovered:
D:1:      erik_arrival_blinker_ship, layout_basic, minmay_shallow_snake_nest
D:2:      layout_loops_ring, nicolae_overflow_crystal_walls,
          chequers_ecumenical_altar_simple_redux
D:3:      layout_basic, kiku_gazebo_garden_becter, lightli_sewer_entry_pipes,
          kennysheep_generic_room_8
D:4:      layout_loops_ring, kennysheep_mini_moat, dancing_weapons_uskayaw,
          first_ration, uniq_robin
D:5:      minmay_goblin_kobold_castle, layout_basic,
          ashenzari_conservatory_becter, makhleb_grotto_becter,
          dk_noncrumbling_4, guppyfry_shop_venom, uniq_pikel
D:6:      layout_basic, zin_treasury, old_standard_altar,
          minmay_misc_feat_doors, hangedman_decor_lopped
D:7:      minmay_polygon_palace, layout_cave_pools,
          minmay_temple_entry_water_ring
D:8:      layout_cave_pods, kennysheep_mini, kennysheep_little_box,
          overflow_temple_1_default
D:9:      layout_roguey, cheibriados_altar_1, erik_lair_island
Temple:   jpeg_temple_alley_garden
Lair:1:   lemuel_slime, layout_gridlike, minmay_holes, fungi_pond_lemuel,
          lemuel_fruit_tree
Lair:2:   layout_cave_pods, guppyfry_snake_entry_garden
Lair:3:   layout_misc_corridors, nicolae_swamp_entry_splash_gauntlet,
          nicolae_quartered_pool_medium, infiniplex_staircase_pool
Lair:4:   layout_long_grid
Lair:5:   layout_cellular_growth, dpeg_slime_entry_corner, special_room
          [special_room_mythical_zoo], wad_woods_river_03, serial_bayou_shore_b
Lair:6:   due_jungle_book, layout_concentric_octagons, wad_woods_06,
          grunt_megastairs_1, infiniplex_staircase_pool_2, uniq_rupert

Skill      XL: |  1  2  3  4  5  6  7  8  9 10 11 12 13 |
---------------+----------------------------------------+-----
Dodging        | 2 3 |  3.7
Armour         | 1 2 3 4 5 6 7 8 9 |  9.5
Fighting       | 1 2 3 4 5 6 7 8 9 |  9.5
Spellcasting   | 3 4 5 6 7 8 |  8.5
Ice Magic      | 5 6 7 8 9 |  9.9
Charms         | 1 2 3 4 |  4.0
Maces & Flails | 2 3 4 5 |  5.0
Conjurations   | 1 3 4 6 7 8 |  8.1
Summonings     | 1 2 3 5 6 |  6.9
Evocations     | 2 3 5 6 |  6.0
Translocations | 1 3 |  3.0
Earth Magic    | 1 6 |  6.1
Stealth        | |  2.4

Action                   |  1- 3 |  4- 6 |  7- 9 | 10-12 | 13-15 || total
-------------------------+-------+-------+-------+-------+-------++-------
Melee: Unarmed           |    13 |       |       |       |       ||    13
       Hand axe          |    14 |       |       |       |       ||    14
       Dagger            |    11 |   165 |    25 |       |       ||   201
       Whip              |       |       |   217 |   151 |    41 ||   409
Throw: Stone             |       |     1 |     2 |       |       ||     3
 Cast: Freeze            |    48 |    31 |    17 |   241 |    51 ||   388
       Frozen Ramparts   |       |     6 |    27 |    61 |    21 ||   115
       Ozocubu's Armour  |       |       |     1 |     7 |       ||     8
       Iskenderun's Myst |       |       |       |     6 |       ||     6
       Summon Ice Beast  |       |       |       |    20 |    32 ||    52
       Hailstorm         |       |       |       |     4 |       ||     4
       Ozocubu's Refrige |       |       |       |       |     9 ||     9
 Abil: Fly               |       |       |       |       |     1 ||     1
Evoke: Wand              |       |       |       |     3 |     1 ||     4
  Use: Scroll            |       |     4 |     6 |     6 |     5 ||    21
       Potion            |       |       |       |       |     1 ||     1
 Stab: Sleeping          |     2 |     2 |     4 |       |       ||     8
       Distracted        |       |     1 |       |       |     1 ||     2
  Eat: Ration            |     1 |     2 |     4 |     7 |     2 ||    16
Armor: Robe              |    26 |    46 |    46 |       |       ||   118
       Leather armour    |       |       |    66 |   183 |    78 ||   327
Dodge: Dodged            |    47 |    93 |   172 |   209 |    57 ||   578

Table legend:
 A = Non-vault XP
 B = Vault XP
 C = Vault XP percentage of total XP
 D = Non-vault monster count
 E = Vault monster count
 F = Vault count percentage of total count
                 A         B        C        D         E       F
            +---------+---------+-------+---------+---------+-------
      Total |   43087 |   11246 |  20.7 |     324 |     166 |  33.9
            +---------+---------+-------+---------+---------+-------
        D:1 |      46 |      19 |  29.2 |      29 |       5 |  14.7
        D:2 |      34 |       0 |   0.0 |      13 |       0 |   0.0
        D:3 |      73 |      89 |  54.9 |      20 |      12 |  37.5
        D:4 |     337 |      36 |   9.7 |      20 |      11 |  35.5
        D:5 |     327 |    1195 |  78.5 |      16 |      61 |  79.2
        D:6 |     543 |       0 |   0.0 |      24 |       0 |   0.0
        D:7 |    1553 |     438 |  22.0 |      29 |       9 |  23.7
        D:8 |    5490 |       0 |   0.0 |      42 |       0 |   0.0
        D:9 |    1264 |     752 |  37.3 |      13 |       8 |  38.1
     Lair:1 |    3410 |     582 |  14.6 |      19 |      19 |  50.0
     Lair:2 |    1817 |     636 |  25.9 |       5 |       4 |  44.4
     Lair:3 |    5351 |     619 |  10.4 |      28 |       5 |  15.2
     Lair:4 |    5977 |     193 |   3.1 |      21 |       1 |   4.5
     Lair:5 |    5801 |    4130 |  41.6 |      15 |      20 |  57.1
     Lair:6 |   11064 |    2557 |  18.8 |      30 |      11 |  26.8
            +---------+---------+-------+---------+---------+-------
